 Dungeon Crawl Stone Soup version 0.22.0-75-g3901e79 (webtiles) character file.

865 yevrey the Skirmisher (level 7, -4/66 HPs)
             Began as a Minotaur Berserker on Sept 12, 2018.
             Was a Priest of Trog.
             Killed from afar by an electric eel (8 damage)
             ... with a bolt of electricity
             ... on level 6 of the Dungeon.
             The game lasted 00:14:15 (5241 turns).

yevrey the Skirmisher (Minotaur Berserker)          Turns: 5241, Time: 00:14:16

Health: -4/66      AC:  6    Str: 23    XL:     7   Next: 72%
Magic:  6/6        EV: 17    Int:  4    God:    Trog [***...]
Gold:   216        SH:  0    Dex: 15    Spells: 6/6 levels left

rFire    + . .     SeeInvis .   z - +2 long sword (flame)
rCold    + . .     Gourm    .   (no shield)
rNeg     . . .     Faith    .   B - +0 scale mail
rPois    .         Spirit   .   (helmet restricted)
rElec    .         Reflect  .   q - scarf {rC+ rF+}
rCorr    .         Harm     .   (no gloves)
MR       .....                  (no boots)
Stlth    +.........             p - amulet of rage
HPRegen  0.21/turn              (no ring)
MPRegen  0.10/turn              (no ring)

@: agile
A: retaliatory headbutt, horns 2
a: Berserk, Trog's Hand, Renounce Religion, Evoke Berserk Rage


You were on level 6 of the Dungeon.
You worshipped Trog.
Trog was most pleased with you.
You were not hungry.

You visited 1 branch of the dungeon, and saw 6 of its levels.

You collected 216 gold pieces.

Inventory:

Hand Weapons
 a - a +0 mace
 k - a +0 hunting sling
 u - a +0 blowgun
 z - a +2 long sword of flaming (weapon)
Missiles
 l - 4 javelins (quivered)
 n - 115 stones
 D - 14 sling bullets
 E - 3 tomahawks
Armour
 q - a scarf of resistance (worn)
 s - a scarf of spirit shield
 y - a +0 buckler
 B - a +0 scale mail (worn)
Jewellery
 p - an amulet of rage (around neck)
Wands
 b - a wand of digging (13)
 F - a wand of iceblast (9)
Scrolls
 e - 3 scrolls of remove curse
 f - a scroll of magic mapping {unknown}
 r - a scroll of immolation {unknown}
 v - 2 scrolls of fear {unknown}
 x - 3 scrolls of teleportation {unknown}
 A - 3 scrolls of identify {unknown}
 C - a scroll of fog {unknown}
Potions
 d - 2 potions of heal wounds {unknown}
 g - 2 potions of lignification {unknown}
 h - a potion of haste {unknown}
 i - a potion of ambrosia {unknown}
 j - 2 potions of curing {unknown}
 m - a potion of degeneration {unknown}
 o - a potion of brilliance {unknown}
 t - 2 potions of resistance {unknown}
 w - 2 potions of agility
Comestibles
 c - 6 rations
 G - 3 chunks of flesh


   Skills:
 * Level 7.0 Fighting
 + Level 0.9 Long Blades
 + Level 5.3 Maces & Flails
 + Level 5.3 Slings
 + Level 3.0 Armour
 + Level 3.4 Dodging
 - Level 2.0 Unarmed Combat


You had 6 spell levels left.
You didn't know any spells.
Your spell library was empty.

Dungeon Overview and Level Annotations

Branches:
Dungeon (6/15)
 Temple: D:4-7

Altars:
Ashenzari
Sif Muna
Yredelemnul


Innate Abilities, Weirdness & Mutations

You reflexively headbutt those who attack you in melee.
You have a pair of horns on your head.


Message History

The electric eel shoots out a bolt of lightning at you!
The bolt of electricity hits you!
The electric eel shoots out a bolt of lightning at you!
The bolt of electricity hits you!
The electric eel shoots out a bolt of lightning at you!
The bolt of electricity hits you!
* * * LOW HITPOINT WARNING * * *
The electric eel shoots out a bolt of lightning at you!
The bolt of electricity hits you!
* * * LOW HITPOINT WARNING * * *
You enter the shallow water.
Moving in this stuff is going to be slow.
It was a potion of agility.
You feel agile all of a sudden.
The electric eel shoots out a bolt of lightning at you!
The bolt of electricity hits you!
* * * LOW HITPOINT WARNING * * *
The electric eel shoots out a bolt of lightning at you!
The bolt of electricity hits you!
You die...

######....................
##≈≈≈≈######.######........
###≈≈≈≈≈≈###.#......#........
...≈≈[.......#.####.#........
..≈≈.........#....# #........
.≈....≈≈.....#....# #........
.≈..≈≈..≈....#....# #....[...
..≈≈....≈....#....# .......
.....⌠≈≈.....@.)..#
....≈≈⌠...........#
...≈....≈;...#.#.##
...≈..≈≈..≈..#.#[..
...≈≈....≈..#.#####
.......≈≈...#..
......≈≈....#..
##≈≈≈≈≈≈###.#.## ##≈≈≈≈# ###


You could see an electric eel.

Vanquished Creatures
  Menkaure (D:4)
  A necrophage (D:4)
  A phantom (D:4)
  2 ogres
  A bullfrog (D:6)
  A scorpion (D:4)
  A bullfrog skeleton (D:5)
  2 orc wizards (D:5)
  A worker ant (D:4)
  6 adders
  A shadow imp (D:5)
  An ooze (D:3)
  4 worms
  5 dart slugs
  6 leopard geckos
  7 orcs
  A ball python (D:2)
  6 giant cockroaches
  9 goblins
  10 hobgoblins
  9 jackals
  3 quokkas
  7 bats
  3 frilled lizards
  5 kobolds
  8 rats
  A spectral orc (D:2)
103 creatures vanquished.

Notes
Turn   | Place    | Note
-------+----------+-------------------------------------------
     0 | D:1      | yevrey the Minotaur Berserker began the quest for the Orb.
     0 | D:1      | Reached XP level 1. HP: 19/19 MP: 0/0
    71 | D:1      | Reached skill level 4 in Fighting
   160 | D:1      | Reached XP level 2. HP: 11/27 MP: 1/1
   539 | D:2      | Found a shattered altar of Ashenzari.
   729 | D:1      | Reached XP level 3. HP: 32/34 MP: 2/2
  1356 | D:2      | Reached ** piety under Trog
  1402 | D:2      | Reached skill level 1 in Unarmed Combat
  1580 | D:2      | Found a basalt altar of Yredelemnul.
  1971 | D:2      | Reached skill level 1 in Slings
  2234 | D:2      | Reached XP level 4. HP: 41/41 MP: 3/3
  3035 | D:3      | Found a faded altar of an unknown god.
  3333 | D:4      | Noticed a necrophage
  3340 | D:4      | Killed a necrophage
  3340 | D:4      | Reached skill level 5 in Fighting
  3340 | D:4      | Reached XP level 5. HP: 48/48 MP: 4/4
  3758 | D:5      | Entered Level 5 of the Dungeon
  3786 | D:4      | Noticed Menkaure
  3793 | D:4      | Killed Menkaure
  3793 | D:4      | Reached XP level 6. HP: 49/57 MP: 5/5
  3948 | D:4      | Reached *** piety under Trog
  4123 | D:4      | Found a deep blue altar of Sif Muna.
  4149 | D:4      | Reached skill level 6 in Fighting
  4458 | D:4      | Reached XP level 7. HP: 63/63 MP: 6/6
  4525 | D:4      | Reached skill level 5 in Slings
  4728 | D:5      | Reached skill level 5 in Maces & Flails
  5212 | D:6      | Reached skill level 7 in Fighting
  5237 | D:6      | HP: 3/66 [electric eel/bolt of electricity (6)]
  5241 | D:6      | Killed from afar by an electric eel

Skill      XL: |  1  2  3  4  5  6  7 |
---------------+----------------------+-----
Fighting       | 4 5 6 7 |  7.0
Maces & Flails | 4 5 |  5.3
Unarmed Combat | 1 2 |  2.0
Slings         | 1 3 4 5 |  5.3
Dodging        | 3 |  3.4
Armour         | 3 |  3.0
Long Blades    | |  0.9

Action                   |  1- 3 |  4- 6 |  7- 9 || total
-------------------------+-------+-------+-------++-------
Melee: Mace              |    52 |    54 |     6 ||   112
       Headbutt          |     6 |     8 |     7 ||    21
       Long sword        |       |       |    39 ||    39
 Fire: Hunting sling     |    65 |    85 |       ||   150
Invok: Berserk           |       |     2 |       ||     2
       Trog's Hand       |       |     2 |       ||     2
  Use: Scroll            |       |     1 |       ||     1
       Potion            |       |       |     1 ||     1
 Stab: Sleeping          |       |     1 |       ||     1
  Eat: Chunk             |     4 |     9 |     3 ||    16
Armor: Animal skin       |    21 |    11 |       ||    32
       Scale mail        |       |       |    16 ||    16
Dodge: Dodged            |    63 |    66 |    18 ||   147
       Rpst.: Long sword |       |       |     4 ||     4
